 Dungeon Crawl Stone Soup version 0.29-a0-359-g541a27f54d (webtiles) character file.

Game seed: 6460418640990774993

5623 purpskrrrp the Basher (level 10, -11/70 (79) HPs)
             Began as a Vine Stalker Fighter on Apr 27, 2022.
             Was a High Priest of Lugonu.
             Mangled by an orc knight
             ... wielding a +2 great sword of draining
              (17 damage)
             ... on level 1 of the Orcish Mines.
             The game lasted 01:39:32 (9403 turns).

purpskrrrp the Basher (Vine Stalker Fighter)        Turns: 9403, Time: 01:39:32

HP:   -11/70 (79)   AC: 25    Str: 21    XL:     10   Next: 73%
MP:   0/11          EV:  2    Int: 18    God:    Lugonu [*****.]
Gold: 736           SH:  0    Dex: 23    Spells: 9/9 levels left

rFire   . . .      SeeInvis .   t - +5 dire flail "Vamut" {vamp, rF+ Int+6}
rCold   + . .      Faith    .   (shield currently unavailable)
rNeg    . . .      Spirit   +   (body armour currently unavailable)
rPois   +          Reflect  .   (helmet currently unavailable)
rElec   +          Harm     .   (cloak currently unavailable)
rCorr   +          Rampage  .   (gloves currently unavailable)
Will    +....      NoTele   +   (boots currently unavailable)
Stlth   +++.......              (no amulet)
HPRegen 1.01/turn               w - ring "Kikhlac" {Ice rElec rCorr Str+3}
MPRegen 0.12/turn               A - +6 ring of dexterity

@: tree-form, heavily drained
A: stationary, stasis, torment immunity, boosted hp, (fangs 3), regeneration 1,
magic shield, (antimagic bite), no potion heal 2, (large bone plates 1), clever
1, screaming 1, MP-powered wands
a: Renounce Religion, Depart the Abyss, Bend Space, Banish, Corrupt, Enter the
Abyss


You were on level 1 of the Orcish Mines.
You worshipped Lugonu.
Lugonu was extremely pleased with you.
You were a tree.
You visited 3 branches of the dungeon, and saw 11 of its levels.

You collected 736 gold pieces.

Inventory:

Hand Weapons
 e - a +0 shortbow
 p - a +4 club
 q - a +2 vorpal flail
 t - the +5 dire flail "Vamut" (weapon) {vamp, rF+ Int+6}
   (You took it off an ogre on level 4 of the Dungeon)

   It occasionally heals its wielder for a portion of the damage dealt when it
   wounds a living foe.
   Int:       It affects your intelligence (+6).
   rF:        It protects you from fire.
 K - a +2 spear of freezing
 M - a +1 war axe of pain
Missiles
 d - 46 poisoned darts
 j - a throwing net
 E - 4 boomerangs (quivered)
 H - 4 curare-tipped darts
Armour
 a - a +0 pair of gloves (melded)
 b - a +0 buckler
 h - a +0 cloak (melded)
 s - the +2 robe "Hadgh" {Will- Str+6 Archmagi}
   (You found it on level 4 of the Dungeon)

   Str:       It affects your strength (+6).
   Archmagi:  It increases the power of your magical spells.
   Will:      It decreases your willpower.
 F - a +2 helmet (melded)
 P - +0 steam dragon scales (melded)
Magical Staves
 v - a staff of earth
 z - a staff of cold
Jewellery
 g - a ring of see invisible
 k - a ring of fire
 w - the ring "Kikhlac" (left branch) {Ice rElec rCorr Str+3}
   (You found it on level 5 of the Dungeon)

   [ring of ice]

   It enhances your ice magic.
   Str:       It affects your strength (+3).
   rF:        It makes you vulnerable to fire.
   rC:        It protects you from cold.
   rElec:     It insulates you from electricity.
   rCorr:     It protects you from acid and corrosion.
 A - a +6 ring of dexterity (right branch)
 C - a ring of flight
 N - a +6 ring of dexterity
Wands
 x - a wand of digging (2)
 B - a wand of paralysis (7)
 I - a wand of polymorph (9)
 J - a wand of iceblast (23)
Scrolls
 m - 2 scrolls of amnesia
 o - 2 scrolls of fog
 u - 2 scrolls of fear
 y - a scroll of teleportation
 D - 4 scrolls of vulnerability
 L - a scroll of identify
 Q - a scroll of acquirement {unknown}
Potions
 c - a potion of mutation
 f - 5 potions of curing
 i - a potion of degeneration
 l - a potion of invisibility
 r - 2 potions of heal wounds
 G - 2 potions of flight
 O - 2 potions of berserk rage


   Skills:
 + Level 6.4 Fighting
 + Level 9.6 Maces & Flails
 + Level 6.1 Armour
 + Level 2.4 Dodging
 + Level 3.8 Stealth
 + Level 4.5 Shields
 + Level 3.5 Unarmed Combat
 + Level 1.4 Evocations


You had 9 spell levels left.
You didn't know any spells.
Your spell library contained the following spells:

 Spells                   Type           Power      Damage    Failure   Level
 Freeze                   Ice            0%         1d3       22%         1
 Magic Dart               Conj           0%         1d3       22%         1
 Call Imp                 Summ           0%         N/A       32%         2
 Frozen Ramparts          Ice            0%         1d2       54%         3
 Mephitic Cloud           Conj/Pois/Air  0%         N/A       54%         3
 Hailstorm                Conj/Ice       0%         3d3       91%         4


Dungeon Overview and Level Annotations

Branches:
Dungeon (9/15)             Temple (1/1) D:5            Lair (0/6) D:8
    Orc (1/2) D:9

Altars:
Ashenzari
Cheibriados
Dithmenos
Elyvilon
Fedhas
Gozag
Hepliaklqana
Kikubaaqudgha
Makhleb
Nemelex Xobeh
Okawaru
Ru
Sif Muna
Trog
Vehumet
Xom
Yredelemnul
Zin
The Shining One
Lugonu

Shops:
D:3 =   D:6 **


Innate Abilities, Weirdness & Mutations

You are a tree.
Your roots penetrate the ground, keeping you stationary.
You cannot be teleported.
You are immune to unholy pain and torment.
Your maximum health is greatly increased.
Your equipment is partially melded.
((You have razor-sharp teeth.))
Your natural rate of healing is unusually fast.
When hurt, damage is shared between your health and your magic reserves.
((Your bite disrupts and absorbs the magic of your enemies.))
Potions cannot restore your health.
((You are partially covered in large bone plates. (SH +4)))
Your mind is acute. (Int +2)
You occasionally shout uncontrollably at your foes.
You expend magic power (3 MP) to strengthen your wands.


Message History

You feel invigorated.
The troll is almost dead.
The orc misses you. You block the troll's attack. The troll claws you.
The troll misses you.
You puncture the troll!
You feel better.
You kill the troll!
Lugonu accepts your kill. The orc barely misses you.
You closely miss the orc knight.
You bite the orc knight, but do no damage.
You thump the orc knight!
The orc knight is lightly wounded.
The orc closely misses you. The orc knight misses you.
You hit the orc knight.
You feel better.
The orc knight is lightly wounded.
The orc hits you with a +0 flail!
The orc knight hits you with a +2 great sword of draining!!
* * * LOW HITPOINT WARNING * * *
You feel drained.
* * * LOW HITPOINT WARNING * * *
Really quaff the potion of lignification?
You turn into a tree.
Your +0 cloak melds into your body.
Your +2 helmet melds into your body.
Your +0 pair of gloves melds into your body.
Your +0 steam dragon scales melds into your body.
Your roots penetrate the ground.
The orc hits you but does no damage.
The orc knight hits you but does no damage.
You feel drained.
You barely miss the orc knight.
The orc knight is lightly wounded.
The orc hits you but does no damage.
The orc knight hits you with a +2 great sword of draining.
* * * LOW HITPOINT WARNING * * *
You feel drained.
* * * LOW HITPOINT WARNING * * *
You puncture the orc!
You kill the orc!
Lugonu accepts your kill.
The orc knight hits you with a +2 great sword of draining!!
You die...

#..........
#........
##.....###
#$.......###
###......$...##
#.............#
#.............###
......###....##o##
...... #....).)♣#
......###......###
#......#.......#
#......#....<###
####.........#
#.......###
#...>..## ####...#
#.###


You could see an orc knight.

Vanquished Creatures
  Pikel (D:8)
  A shining eye (D:8)
  A gargoyle (D:6)
  A troll (Orc:1)
  A wyvern (D:9)
  A wraith (D:9)
  A steam dragon (D:9)
  An acid dragon (D:9)
  2 water moccasins
  2 wargs (D:8)
  3 orc warriors
  2 black bears
  The ghost of RandomusNamus the Slasher, an amateur MiCA of Ignis (D:4)
  An ice beast (D:6)
  3 ogres
  2 centaurs
  3 kobold brigands
  A gnoll sergeant (D:9)
  4 scorpions
  2 necrophages
  9 wights
  7 killer bees (D:7)
  An electric eel (D:6)
  2 howler monkeys
  A jelly (D:6)
  3 orc priests
  2 hounds
  Terence (D:2)
  10 orc wizards
  Robin (D:2)
  10 gnolls
  5 adders
  A shadow imp (D:6)
  4 worms
  5 dart slugs
  32 orcs
  11 endoplasms
  3 giant cockroaches
  20 goblins
  6 hobgoblins
  8 jackals
  3 quokkas
  8 ball pythons
  14 bats
  4 frilled lizards (D:1)
  19 kobolds
  4 rats
  2 bushes (D:2)
230 creatures vanquished.

Vanquished Creatures (others)
  6 fungi
  3 plants
9 creatures vanquished.

Grand Total: 239 creatures vanquished

Notes
Turn   | Place    | Note
-------+----------+-------------------------------------------
     0 | D:1      | purpskrrrp the Vine Stalker Fighter began the quest for the
                  | Orb.
     0 | D:1      | Reached XP level 1. HP: 11/11 MP: 2/2
   235 | D:1      | Found a faded altar of an unknown god.
   257 | D:1      | Reached XP level 2. HP: 12/16 MP: 1/3
   328 | D:1      | Prayed at the altar of an unknown god.
   328 | D:1      | Became a worshipper of Lugonu the Unformed
   328 | D:1      | Reached * piety under Lugonu
   328 | D:1      | Reached ** piety under Lugonu
   641 | D:1      | Reached XP level 3. HP: 18/19 MP: 2/4
   650 | D:1      | Gained mutation: You occasionally shout uncontrollably at
                  | your foes. [potion of mutation]
  1264 | D:2      | Noticed Terence
  1304 | D:2      | Killed Terence
  1305 | D:2      | Gained mutation: Your natural rate of healing is unusually
                  | fast. [Vine Stalker growth]
  1305 | D:2      | Reached XP level 4. HP: 4/23 MP: 2/5
  1355 | D:2      | Reached *** piety under Lugonu
  1383 | D:2      | Noticed Robin
  1424 | D:2      | Killed Robin
  1833 | D:2      | Found a broken altar of Ashenzari.
  1985 | D:2      | Reached XP level 5. HP: 28/28 MP: 6/6
  2581 | D:3      | Reached **** piety under Lugonu
  2667 | D:3      | Found Nawunalu's Jewellery Boutique.
  3259 | D:3      | Reached skill level 1 in Maces & Flails
  3364 | D:4      | Noticed RandomusNamus's ghost (amateur MiCA)
  3364 | D:4      | Identified the +5 dire flail "Vamut" {vamp, rF+ Int+6}
  3364 | D:4      | Noticed an ogre
  3365 | D:4      | Found a transporter.
  3392 | D:4      | Reached XP level 6. HP: 32/32 MP: 7/7
  3457 | D:4      | You fall into a shaft and drop 2 floors!
  3468 | D:6      | Reached skill level 1 in Dodging
  3476 | D:6      | Found Zyemp's Elemental Accessories.
  3503 | D:6      | Reached skill level 2 in Maces & Flails
  3549 | D:5      | Entered Level 5 of the Dungeon
  3602 | D:5      | Reached XP level 7. HP: 36/36 MP: 8/8
  3614 | D:5      | Reached skill level 3 in Maces & Flails
  4022 | D:4      | Identified the +2 robe "Hadgh" {Will- Str+6 Archmagi}
  4557 | D:4      | Found a transporter.
  4593 | D:4      | Killed RandomusNamus's ghost
  4594 | D:4      | Reached skill level 1 in Stealth
  4616 | D:4      | Reached skill level 4 in Maces & Flails
  4810 | D:5      | Found a staircase to the Ecumenical Temple.
  4852 | D:5      | Identified the ring "Kikhlac" {Ice rElec rCorr Str+3}
  4919 | D:5      | Gained mutation: You have razor-sharp teeth. [Vine Stalker
                  | growth]
  4919 | D:5      | Reached XP level 8. HP: 25/42 MP: 6/9
  5101 | D:5      | Reached skill level 5 in Maces & Flails
  5420 | D:5      | Reached ***** piety under Lugonu
  5508 | Temple   | Entered the Ecumenical Temple
  5904 | D:6      | Noticed a gargoyle
  5912 | D:6      | Killed a gargoyle
  5913 | D:6      | Reached skill level 6 in Maces & Flails
  5978 | D:6      | Reached XP level 9. HP: 46/46 MP: 10/10
  6193 | D:6      | Found Penasodi's General Store.
  6255 | D:6      | Reached skill level 7 in Maces & Flails
  6270 | D:6      | Reached skill level 5 in Armour
  6548 | D:7      | Reached skill level 5 in Fighting
  7129 | D:7      | Reached skill level 8 in Maces & Flails
  7355 | D:6      | Lost mutation: You occasionally shout uncontrollably at
                  | your foes. [potion of mutation]
  7355 | D:6      | Gained mutation: You expend magic power (3 MP) to
                  | strengthen your wands. [potion of mutation]
  7355 | D:6      | Gained mutation: You are partially covered in large bone
                  | plates. (SH +4) [potion of mutation]
  7355 | D:6      | Gained mutation: You occasionally shout uncontrollably at
                  | your foes. [potion of mutation]
  7355 | D:6      | Gained mutation: Your mind is acute. (Int +2) [potion of
                  | mutation]
  7732 | D:8      | Reached XP level 10. HP: 50/53 MP: 11/11
  7756 | D:8      | Found a staircase to the Lair.
  7909 | D:8      | Found a sparkling altar of Nemelex Xobeh.
  8248 | D:8      | Noticed a two-headed ogre
  8255 | D:8      | Noticed a shining eye
  8255 | D:8      | a two-headed ogre changed into a shining eye
  8259 | D:8      | Noticed Pikel
  8260 | D:8      | Killed a shining eye
  8261 | D:8      | Reached skill level 1 in Evocations
  8266 | D:8      | Killed Pikel
  8267 | D:8      | Reached skill level 9 in Maces & Flails
  8624 | D:9      | Found a staircase to the Orcish Mines.
  9354 | Orc:1    | Entered Level 1 of the Orcish Mines
  9371 | Orc:1    | Noticed an orc knight
  9403 | Orc:1    | Mangled by an orc knight

Illustrated notes

Levels and vault maps discovered:
D:1:      minmay_arrival_jagged, layout_loops_ring,
          dreamdust_ecumenical_altar_grove
D:2:      layout_rooms, basic_altar, serial_park_tiny_1, uniq_robin,
          uniq_terence
D:3:      layout_loops_ring, serial_shops, nicolae_shop_behind_doors,
          minmay_misc_feat_more_columns, st_stairs_3, bh_walls_and_bars
D:4:      layout_basic, gammafunk_ghost_smash
D:5:      layout_basic, minmay_temple_entry_glassed_door,
          nicolae_ossuary_entry_plus
D:6:      old_forge, layout_basic, serial_glass, glass_columns_a,
          glass_columns_c, feat_on_display, due_unseen_surprise,
          item_on_display_a, serial_shops, nicolae_lakefront_shop, st_stairs_2,
          kennysheep_donut, nicolae_elemental_shop
D:7:      layout_rooms, eino_jars
D:8:      layout_loops_corners, nemelex_diamond_rough_becter,
          erik_lair_orcish_takeover, uniq_pikel
D:9:      layout_roguey, orc_0_dummy
Temple:   mainiacjoe_temple_coin_purse
Orc:1:    layout_diamond_mine, uniq_erica

Skill      XL: |  1  2  3  4  5  6  7  8  9 10 |
---------------+-------------------------------+-----
Shields        | 3 4 |  4.5
Unarmed Combat | 3 |  3.5
Fighting       | 3 4 5 6 |  6.4
Armour         | 3 4 5 6 |  6.1
Maces & Flails | 1 2 4 6 8 9 |  9.6
Dodging        | 1 2 |  2.4
Stealth        | 1 2 3 |  3.8
Evocations     | 1 |  1.4

Action                   |  1- 3 |  4- 6 |  7- 9 | 10-12 || total
-------------------------+-------+-------+-------+-------++-------
Melee: Unarmed           |   114 |    39 |       |       ||   153
       Bite              |    25 |   138 |    78 |    33 ||   274
       Club              |       |   325 |    41 |       ||   366
       Flail             |       |       |    37 |       ||    37
       Dire flail        |       |       |   207 |    81 ||   288
Evoke: Wand              |       |       |     5 |     6 ||    11
  Use: Potion            |     3 |     1 |     5 |     1 ||    10
       Scroll            |     1 |    10 |     5 |     1 ||    17
 Stab: Paralysed         |       |       |       |     2 ||     2
       Sleeping          |       |       |       |     2 ||     2
Armor: Scale mail        |    35 |   100 |   124 |    11 ||   270
       Steam dragon scal |       |       |       |     8 ||     8
       Skin              |       |       |       |     3 ||     3
Dodge: Dodged            |    42 |    77 |   133 |    43 ||   295
Block: Buckler           |    18 |    48 |    22 |       ||    88
       Other             |       |       |     8 |    11 ||    19

Table legend: (Time is in decaauts)
 A = Elapsed time spent in this place.
 B = Non-inter-level travel time spent in this place.
 C = Inter-level travel time spent in this place.
 D = Time resting spent in this place.
 E = Time spent auto-exploring this place.
 F = Levels seen in this place.
 G = Mean time per level.
                   A        B        C        D        E       F      G
               +--------+--------+--------+--------+--------+-----+--------+
         Total |   9459 |   7496 |   1963 |    564 |   4005 |  11 |  859.9 |
       Dungeon |   9220 |   7346 |   1874 |    564 |   3906 |   9 | 1024.4 |
        Temple |    193 |    104 |     89 |      0 |     86 |   1 |  193.0 |
  Orcish Mines |     46 |     46 |      0 |      0 |     13 |   1 |   46.0 |
               +--------+--------+--------+--------+--------+-----+--------+

Top non-repeatable levels by time:
     D:1: 1263 daAuts
     D:4: 1261 daAuts
     D:8: 1166 daAuts
     D:6: 1147 daAuts
     D:3: 1145 daAuts
     D:2: 1001 daAuts
     D:5: 864 daAuts
     D:9: 724 daAuts
     D:7: 644 daAuts
  Temple: 193 daAuts
   Orc:1: 46 daAuts
